 Dungeon Crawl Stone Soup version 0.25.1-2-g60ff931df9 (webtiles) character file.

Game seed: 1490661704356674995

45 pokeman the Magician (level 3, -1/20 HPs)
             Began as a Deep Elf Wizard on Oct 18, 2020.
             Slain by a crimson imp (4 damage)
             ... summoned by Natasha
             ... on level 2 of the Dungeon.
             The game lasted 00:04:20 (1147 turns).

pokeman the Magician (Deep Elf Wizard)              Turns: 1147, Time: 00:04:20

Health: -1/20      AC:  3    Str:  4    XL:     3   Next: 42%
Magic:  0/11       EV: 13    Int: 23    God:
Gold:   66         SH:  0    Dex: 13    Spells: 1/12 levels left

rFire    . . .     SeeInvis .   (no weapon)
rCold    . . .     Gourm    .   (no shield)
rNeg     . . .     Faith    +   a - +0 robe
rPois    +         Spirit   .   b - +0 hat
rElec    .         Reflect  .   (no cloak)
rCorr    .         Harm     .   (no gloves)
MR       .....                  c - +0 pair of boots
Stlth    ++........             h - amulet of faith
HPRegen  0.06/turn              k - ring of poison resistance
MPRegen  0.12/turn              (no ring)

@: slowed, very slow
A: no striking features
a: no special abilities


You were on level 2 of the Dungeon.
You were hungry.

You visited 1 branch of the dungeon, and saw 2 of its levels.

You collected 66 gold pieces.

Inventory:

Armour
 a - a +0 robe (worn)
 b - a +0 hat (worn)
 c - a +0 pair of boots (worn)
Jewellery
 h - an amulet of faith (around neck)
 k - a ring of poison resistance (left hand)
Scrolls
 j - a scroll of teleportation {unknown}
 l - a scroll of fog {unknown}
 m - a scroll of identify {unknown}
Potions
 e - a potion of degeneration {unknown}
 g - a potion of haste {unknown}
 i - a potion of brilliance {unknown}
Comestibles
 d - 8 rations
 f - 4 chunks of flesh


   Skills:
 + Level 0.9 Fighting
 + Level 0.9 Armour
 - Level 2.4 Dodging
 - Level 2.4 Stealth
 * Level 5.2 Spellcasting
 + Level 1.9 Conjurations
 - Level 1.1 Summonings
 - Level 1.1 Translocations


You had one spell level left.
You knew the following spells:

 Your Spells              Type           Power        Failure   Level  Hunger
a - Magic Dart            Conj           ##..         4%          1    None
b - Mephitic Cloud        Conj/Pois/Air  #.......     22%         3    ##.....
c - Call Imp              Summ           ##......     9%          2    None
d - Blink                 Tloc           N/A          9%          2    None
e - Conjure Flame         Conj/Fire      ##......     19%         3    ##.....

Your spell library contained the following spells:

 Spells                   Type           Power        Failure   Level  Hunger
 Slow                     Hex            #.......     14%         2    None


Dungeon Overview and Level Annotations

Branches:
Dungeon (2/15)

Altars:

Annotations:
D:2 Natasha


Message History

Natasha mumbles some strange words.
Natasha stares at you and mumbles some strange words.
You feel yourself slow down. The crimson imp misses you.
The crimson imp blinks!
Natasha mumbles some strange words.
The crimson imp blinks!
Casting: Magic Dart (safe; 4% risk of failure)
Confirm with . or Enter, or press ? or * to list all spells.
Aiming: Magic Dart (safe; 4% risk of failure)
Press: ? - help, Shift-Dir - straight line, f/p - Natasha
Aim: Natasha (almost dead)
The magic dart hits Natasha but does no damage.
Natasha is almost dead.
Natasha casts a spell at you. The magic dart hits you.
* * * LOW HITPOINT WARNING * * *
Natasha mewls in sadness.
Natasha barely misses you. The crimson imp hits you.
You die...

### (. ... .. ..# #.
#.# #.# ##.#####.# #.#
.. ..##.# #.# #.
#.##.#####.###
######.##.##.#........
.....!...55h.@..##.###
#####.###.####5.##.#
.# #. #.# #..##.##...#
.. ... #.รท#<.......#
.. ....# #.....##.#.##
.. ...... #..#.## .. .
..###..##..#.# .# #..
..##..#.# # ...#.#


You could see Natasha, a crimson imp (summoned), a white imp (summoned) and a
shadow imp (summoned).

Vanquished Creatures
  2 adders (D:2)
  A dart slug (D:1)
  A giant cockroach (D:1)
  5 goblins (D:1)
  3 hobgoblins (D:1)
  4 jackals (D:1)
  2 bats (D:1)
  A frilled lizard (D:1)
  4 kobolds (D:1)
  3 rats (D:1)
26 creatures vanquished.

Notes
Turn   | Place    | Note
-------+----------+-------------------------------------------
     0 | D:1      | pokeman the Deep Elf Wizard began the quest for the Orb.
     0 | D:1      | Reached XP level 1. HP: 10/10 MP: 7/7
   220 | D:1      | Reached XP level 2. HP: 16/16 MP: 5/9
   706 | D:1      | Reached skill level 5 in Spellcasting
  1029 | D:2      | Reached XP level 3. HP: 16/20 MP: 3/11
  1034 | D:2      | Learned a level 3 spell: Mephitic Cloud
  1037 | D:2      | Learned a level 2 spell: Call Imp
  1040 | D:2      | Learned a level 2 spell: Blink
  1044 | D:2      | Learned a level 3 spell: Conjure Flame
  1128 | D:2      | Noticed Natasha
  1147 | D:2      | Slain by a crimson imp

Illustrated notes

Levels and vault maps discovered:
D:1:      minmay_arrival_radiant_lines, layout_rooms, minmay_stone_trees_small
D:2:      layout_loops_ring, first_ration, uniq_crazy_yiuf_cottage, uniq_natasha

Skill      XL: |  1  2 |
---------------+-------+-----
Spellcasting   | 5 |  5.2
Fighting       | |  0.9
Armour         | |  0.9
Dodging        | |  2.4
Stealth        | |  2.4
Conjurations   | |  1.9
Summonings     | |  1.1
Translocations | |  1.1

Action                   || total
-------------------------++-------
Melee: Unarmed           ||     2
 Cast: Magic Dart        ||    78
Armor: Robe              ||     2
Dodge: Dodged            ||    12
